 Dungeon Crawl Stone Soup version 0.27-a0-906-g0a00ce863d (webtiles) character file.

Game seed: 16778483936953471742

2719 jestyr24 the Blocker (level 9, -3/67 HPs)
             Began as a Minotaur Fighter on Apr 8, 2021.
             Was a Plaything of Xom.
             Slain by Harold
             ... wielding a +0 glaive of venom
              (6 damage)
             ... on level 7 of the Dungeon.
             The game lasted 00:34:14 (6242 turns).

jestyr24 the Blocker (Minotaur Fighter)             Turns: 6242, Time: 00:34:14

Health: -3/67      AC: 14    Str: 24    XL:     9   Next: 39%
Magic:  8/8        EV:  4    Int:  5    God:    Xom [......]
Gold:   378        SH:  0    Dex: 10    Spells: 8/8 levels left

rFire    . . .     SeeInvis +   K - +5 falchion of Xefazakh {vorpal, *Noise +Blink Will+ Dex+2 SInv}
rCold    . . .     Faith    .   c - +0 kite shield
rNeg     . . .     Spirit   .   q - +0 chain mail
rPois    .         Reflect  .   (helmet restricted)
rElec    +         Harm     .   F - +0 cloak
rCorr    .         Rampage  .   J - +1 pair of gloves
Will     +....                  (no boots)
Stlth    ..........             o - amulet of regeneration
HPRegen  1.21/turn              C - ring of see invisible
MPRegen  0.11/turn              (no ring)

@: lethally poisoned (-3 -> -3), marked, held, hasted, very quick
A: horns 2, retaliatory headbutt, clumsy 1, frail 1, high mp 1, screaming 1,
electricity resistance, wild magic 1, MP-powered wands
a: Renounce Religion, Evoke Blink


You were on level 7 of the Dungeon.
You worshipped Xom.
You were a very special plaything of Xom.
You visited 1 branch of the dungeon, and saw 7 of its levels.

You collected 378 gold pieces.

Inventory:

Hand Weapons
 a - a +0 long sword
 x - a +2 short sword of venom
 E - a +2 dagger of venom
 G - a +2 vampiric halberd
 H - a +0 spear of venom
 K - the +5 falchion of Xefazakh (weapon) {vorpal, *Noise +Blink Will+ Dex+2 SInv}
   (Xom gifted it to you on level 5 of the Dungeon)

   It inflicts extra damage upon your enemies.
   It affects your dexterity (+2).
   It lets you see invisible.
   It lets you blink.
   It may make noises in combat.
   It increases your willpower.
Missiles
 b - 9 boomerangs
 d - 6 throwing nets
 e - 253 stones (quivered)
 p - 10 poisoned darts
 I - 6 atropa-tipped darts
 P - 3 javelins
Armour
 c - a +0 kite shield (worn)
 q - a +0 chain mail (worn)
 F - a +0 cloak (worn)
 J - a +1 pair of gloves (worn)
 L - a +2 ring mail of cold resistance
Magical Staves
 l - a staff of poison
Jewellery
 o - an amulet of regeneration (around neck)
 A - an amulet of magic regeneration
 C - a ring of see invisible (left hand)
Wands
 f - a wand of acid (6)
 s - a wand of flame (38)
 y - a wand of paralysis (10)
 B - a wand of digging (5)
 D - a wand of polymorph (10)
 M - a wand of mindburst (14)
Scrolls
 m - 5 scrolls of teleportation
Potions
 g - a potion of ambrosia {unknown}
 h - a potion of haste
 i - 3 potions of flight
 j - a potion of curing
 k - a potion of invisibility {unknown}
 n - 2 potions of heal wounds
 r - 2 potions of brilliance
 t - a potion of resistance {unknown}
 u - a potion of magic {unknown}
 v - a potion of attraction {unknown}
 w - a potion of mutation {unknown}
 z - a potion of lignification {unknown}
 N - a potion of degeneration {unknown}
 O - a potion of might


   Skills:
 + Level 5.8 Fighting
 * Level 6.6 Long Blades
 - Level 1.0 Polearms
 + Level 4.0 Throwing
 + Level 8.0 Armour
 + Level 2.6 Dodging
 + Level 10.0 Shields
 + Level 0.9 Evocations


You had 8 spell levels left.
You didn't know any spells.
Your spell library contained the following spells:

 Spells                   Type           Power      Damage    Failure   Level
 Animate Skeleton         Necr           0%         N/A       100%        1
 Apportation              Tloc           0%         N/A       100%        1
 Corona                   Hex            0%         N/A       100%        1
 Sandblast                Erth           0%         2d4       100%        1
 Summon Small Mammal      Summ           0%         N/A       100%        1
 Passwall                 Tmut/Erth      0%         N/A       100%        2
 Swiftness                Air            0%         N/A       100%        2
 Confusing Touch          Hex            0%         N/A       100%        3
 Dazzling Flash           Conj/Hex       0%         N/A       100%        3
 Gell's Gravitas          Tloc           0%         N/A       100%        3
 Tukima's Dance           Hex            0%         N/A       100%        3
 Passage of Golubria      Tloc           N/A        N/A       100%        4
 Petrify                  Tmut/Erth      0%         N/A       100%        4
 Lee's Rapid Deconstruct  Erth           0%         3d5*      100%        5
 Metabolic Englaciation   Hex/Ice        0%         N/A       100%        5
 Silence                  Hex/Air        0%         N/A       100%        5
 Yara's Violent Unravell  Hex/Tmut       0%         3d3       100%        5
 Invisibility             Hex            0%         N/A       100%        6


Dungeon Overview and Level Annotations

Branches:
Dungeon (7/15)             Temple (0/1) D:4

Altars:
Ru
Uskayaw
Xom

Annotations:
D:7 Harold


Innate Abilities, Weirdness & Mutations

You have a pair of horns on your head.
You reflexively headbutt those who attack you in melee.
You are clumsy. (Dex -2)
You are frail. (-10% HP)
You have an increased reservoir of magic. (+10% MP)
You occasionally shout uncontrollably at your foes.
You are resistant to electric shocks. (rElec)
Your spells are a little harder to cast, but a little more powerful.
You expend magic power (3 MP) to strengthen your wands.


Message History

You hit the orc but do no damage. You headbutt the orc.
The orc is heavily wounded.
You feel sick.
The centaur shoots an arrow.
You block the arrow.
Harold hits you with a +0 glaive of venom!!
* * * LOW HITPOINT WARNING * * *
You block the orc's attack.
You feel sick.
The centaur shoots an arrow.
You block the arrow.
You feel sick.
Harold throws a throwing net.
The throwing net hits you.
You become entangled in the net!
You see here a throwing net.
You struggle against the net.
You feel sick.
The centaur shoots an arrow.
The arrow hits you.
* * * LOW HITPOINT WARNING * * *
The arrow freezes you.
* * * LOW HITPOINT WARNING * * *
You struggle against the net.
Xom titters.
Harold looks rather confused.
The orc priest looks rather confused.
The orc looks rather confused. x2; The centaur shoots an arrow.
The arrow hits you.
* * * LOW HITPOINT WARNING * * *
The arrow freezes you.
* * * LOW HITPOINT WARNING * * *
You struggle against the net.
You feel sick.
The centaur shoots an arrow.
The arrow barely misses you.
An orc comes into view. It is wielding a +0 club.
The orc barely misses you.
You riposte.
You catch the helpless orc completely off-guard!
You hit the orc.
You kill the orc!
Unknown command.
Unknown command.
Unknown command.
Unknown command.
Unknown command.
You fail to use your ability.
You feel sick.
An orc warrior comes into view. It is wielding a +0 long sword.
Harold hits you with a +0 glaive of venom.
You die...
Xom bursts into laughter!

#
###############.#
...>.)....?......
.................
.................
........)........
##...c@@..oo....
#..............
#..........#o..
#........##....
#######.......##
.o..
#............##
...
#...........## ..
##.........##
#.........#


You could see Harold (confused), an orc warrior, a centaur, an orc priest
(confused) and 2 orcs.

Vanquished Creatures
  A sky beast (D:6)
  3 necrophages
  A hornet zombie (D:6)
  A black bear (D:6)
  An ogre (D:6)
  An ice beast (D:6)
  A centaur (D:6)
  A phantom (D:6)
  A wyvern zombie (D:5)
  3 gnoll sergeants (D:5)
  3 scorpions
  A wight (D:6)
  A howler monkey (D:6)
  A bullfrog zombie (D:5)
  4 hounds (D:5)
  A jelly (D:5)
  A bullfrog skeleton (D:3)
  3 gnoll shamans
  Crazy Yiuf (D:4)
  Ijyb (D:5)
  Terence (D:3)
  4 iguanas
  11 orc wizards (D:6)
  A hound skeleton (D:4)
  13 gnolls
  11 adders
  A white imp (D:6)
  A worm (D:5)
  A dart slug (D:3)
  7 orcs
  6 ball pythons
  4 endoplasms
  5 giant cockroaches
  5 hobgoblins
  18 jackals
  5 kobolds
  3 quokkas
  6 bats
  5 frilled lizards
  8 goblins
  5 rats
152 creatures vanquished.

Vanquished Creatures (collateral kills)
  2 gnoll sergeants (D:5)
  A water moccasin skeleton (D:5)
  A jelly (D:5)
  3 hounds (D:5)
  14 gnolls (D:5)
  An adder (D:5)
  A jackal (D:5)
23 creatures vanquished.

Grand Total: 175 creatures vanquished

Notes
Turn   | Place    | Note
-------+----------+-------------------------------------------
     0 | D:1      | jestyr24 the Minotaur Fighter began the quest for the Orb.
     0 | D:1      | Reached XP level 1. HP: 19/19 MP: 0/0
   245 | D:1      | Reached skill level 4 in Shields
   246 | D:1      | Reached XP level 2. HP: 16/27 MP: 1/1
   522 | D:1      | Found a faded altar of an unknown god.
   536 | D:1      | Became a worshipper of Xom the Begetter of Turbulence
   632 | D:1      | Reached XP level 3. HP: 33/33 MP: 2/2
   657 | D:1      | XOM: silly message
  1205 | D:2      | XOM: summons 1 hostile demon
  1721 | D:2      | XOM: scenery: create altars
  1780 | D:2      | XOM is BORED!
  2101 | D:3      | Identified a scroll of acquirement
  2103 | D:3      | Acquired the +4 spear "Sawiryas" {elec, Fragile Dex+7}
  2225 | D:3      | XOM: noise
  2252 | D:3      | Reached XP level 4. HP: 40/40 MP: 3/3
  2375 | D:3      | XOM: enchant monster (good)
  2462 | D:3      | Reached skill level 5 in Shields
  2490 | D:3      | Noticed Terence
  2496 | D:3      | Killed Terence
  2497 | D:3      | Reached XP level 5. HP: 46/46 MP: 4/4
  2648 | D:3      | XOM: give mutations
  2648 | D:3      | Gained mutation: You evolve. [Xom's grace]
  2648 | D:3      | Gained mutation: You are strong-willed. (Will+) [Xom's
                  | grace]
  2648 | D:3      | Gained mutation: You are partially covered in iridescent
                  | scales. (AC +2) [Xom's grace]
  2648 | D:3      | Gained mutation: Your mind is acute. (Int +2) [Xom's grace]
  2859 | D:3      | Reached skill level 1 in Polearms
  3005 | D:3      | Reached skill level 1 in Dodging
  3251 | D:4      | Identified Xom's Papyrus of Satyriasis (Xom gifted it to
                  | you on level 4 of the Dungeon)
  3251 | D:4      | XOM: god gift: Xom's Papyrus of Satyriasis
  3372 | D:4      | Reached skill level 1 in Throwing
  3372 | D:4      | Reached skill level 5 in Armour
  3372 | D:4      | Reached XP level 6. HP: 53/53 MP: 5/5
  3406 | D:4      | Found a staircase to the Ecumenical Temple.
  3571 | D:4      | XOM: give mutations
  3571 | D:4      | Gained mutation: You have an increased reservoir of magic.
                  | (+10% MP) [Xom's grace]
  3571 | D:4      | Gained mutation: Your muscles are strong. (Str +2) [Xom's
                  | grace]
  3577 | D:4      | XOM: divination: detect creatures
  3593 | D:4      | Noticed a +0 dagger
  3594 | D:4      | Noticed a +0 hand axe
  3597 | D:4      | Found a hide-covered altar of Uskayaw.
  3804 | D:4      | Found a runed translucent door.
  3805 | D:4      | Noticed Crazy Yiuf
  3810 | D:4      | Killed Crazy Yiuf
  3811 | D:4      | Reached skill level 6 in Shields
  3965 | D:5      | Entered Level 5 of the Dungeon
  4076 | D:5      | Reached XP level 7. HP: 60/60 MP: 6/6
  4104 | D:5      | XOM: confuse monster(s)
  4143 | D:5      | XOM: god gift: 6 atropa-tipped darts
  4179 | D:5      | Reached skill level 7 in Shields
  4262 | D:5      | XOM: scenery: summon butterflies
  4268 | D:5      | XOM: give mutations
  4268 | D:5      | Gained mutation: You are resistant to electric shocks.
                  | (rElec) [Xom's grace]
  4268 | D:5      | Gained mutation: Your mind is very acute. (Int +4) [Xom's
                  | grace]
  4268 | D:5      | Gained mutation: Your spells are a little harder to cast,
                  | but a little more powerful. [Xom's grace]
  4278 | D:5      | XOM: cleaving
  4284 | D:5      | Reached skill level 5 in Fighting
  4420 | D:5      | XOM: 1-stop teleportation journey
  4433 | D:5      | Reached XP level 8. HP: 59/68 MP: 7/7
  4472 | D:5      | Reached skill level 8 in Shields
  4524 | D:5      | XOM: summons friendly iron imp
  4663 | D:5      | XOM: 8-stop teleportation journey
  4754 | D:5      | Noticed Ijyb
  4765 | D:5      | XOM: fog
  4766 | D:5      | Killed Ijyb
  4768 | D:5      | Identified the +5 falchion of Xefazakh {vorpal, *Noise
                  | +Blink Will+ Dex+2 SInv} (Xom gifted it to you on level 5
                  | of the Dungeon)
  4768 | D:5      | XOM: god gift: +5 falchion of Xefazakh {vorpal, *Noise
                  | +Blink Will+ Dex+2 SInv}
  4872 | D:5      | XOM: give mutations
  4872 | D:5      | Lost mutation: You evolve. [Xom's mischief]
  4872 | D:5      | Lost mutation: You are partially covered in iridescent
                  | scales. (AC +2) [Xom's mischief]
  4872 | D:5      | Lost mutation: You are strong-willed. (Will+) [Xom's
                  | mischief]
  4872 | D:5      | Lost mutation: Your mind is very acute. (Int +4) [Xom's
                  | mischief]
  5017 | D:5      | XOM: give mutation
  5017 | D:5      | Gained mutation: You are frail. (-10% HP) [Xom's mischief]
  5159 | D:6      | XOM: 2-stop teleportation journey
  5168 | D:6      | Reached skill level 9 in Shields
  5236 | D:6      | Reached XP level 9. HP: 66/66 MP: 8/8
  5337 | D:6      | Reached skill level 5 in Long Blades
  5611 | D:6      | XOM: give mutations
  5611 | D:6      | Gained mutation: You expend magic power (3 MP) to
                  | strengthen your wands. [Xom's mischief]
  5611 | D:6      | Lost mutation: Your mind is acute. (Int +2) [Xom's
                  | mischief]
  5611 | D:6      | Gained mutation: You occasionally shout uncontrollably at
                  | your foes. [Xom's mischief]
  5893 | D:6      | Found a sacrificial altar of Ru.
  5970 | D:6      | Reached skill level 10 in Shields
  6104 | D:6      | XOM: give mutations
  6104 | D:6      | Lost mutation: Your muscles are strong. (Str +2) [Xom's
                  | mischief]
  6104 | D:6      | Gained mutation: You are clumsy. (Dex -2) [Xom's mischief]
  6200 | D:7      | XOM: noise
  6223 | D:7      | Noticed Harold
  6240 | D:7      | XOM: confuse monster(s)
  6240 | D:7      | HP: 3/67 [centaur/arrow (1)]
  6242 | D:7      | Slain by Harold

Illustrated notes

Levels and vault maps discovered:
D:1:      dpeg_arrival_three_smaller_balls, layout_basic,
          ebering_ecumenical_altar_box
D:2:      layout_loops_ring
D:3:      layout_basic, minmay_snake_closets, uniq_terence
D:4:      minmay_skewed_foursquare, layout_gridville, dancing_weapons_uskayaw,
          minmay_temple_entry_statues_fountains, uniq_crazy_yiuf_cottage
D:5:      layout_cave_pools, serial_gnoll_camp, gnoll_camp_mini_hut,
          gnoll_camp_huts_moat, gnoll_camp_mini_basic, gnoll_camp_mini_hut,
          gnoll_camp_mini_basic, uniq_ijyb
D:6:      minmay_flawed_box, layout_loops_cross, nicolae_ru_path_of_blood,
          st_stairs_12
D:7:      layout_cave_pods, lemuel_tele_altar, pf_just_have_faith, uniq_joseph,
          uniq_harold

Skill      XL: |  1  2  3  4  5  6  7  8  9 |
---------------+----------------------------+-----
Shields        | 4 5 6 7 9 10 | 10.0
Fighting       | 4 5 |  5.8
Long Blades    | 3 4 6 |  6.6
Armour         | 4 5 6 7 8 |  8.0
Polearms       | 1 |  1.0
Dodging        | 1 2 |  2.6
Throwing       | 1 2 3 4 |  4.0
Evocations     | |  0.9

Action                   |  1- 3 |  4- 6 |  7- 9 || total
-------------------------+-------+-------+-------++-------
Melee: Long sword        |   123 |       |       ||   123
       Headbutt          |    13 |    14 |    46 ||    73
       Spear             |    10 |    81 |    87 ||   178
       Falchion          |       |       |   136 ||   136
Throw: Stone             |     4 |    28 |    30 ||    62
Evoke: Wand              |       |     4 |       ||     4
  Use: Scroll            |     5 |     4 |     2 ||    11
       Potion            |       |       |     5 ||     5
 Stab: Confused          |       |       |     2 ||     2
Armor: Scale mail        |   106 |       |       ||   106
       Chain mail        |     5 |    29 |    83 ||   117
Dodge: Dodged            |    51 |     9 |    71 ||   131
Block: Kite shield       |   112 |    36 |   160 ||   308
       Rpst.: Long sword |    11 |       |       ||    11
       Falchion          |       |       |    17 ||    17

Table legend: (Time is in decaauts)
 A = Elapsed time spent in this place.
 B = Non-inter-level travel time spent in this place.
 C = Inter-level travel time spent in this place.
 D = Time resting spent in this place.
 E = Time spent auto-exploring this place.
 F = Levels seen in this place.
 G = Mean time per level.
                   A        B        C        D        E       F      G
               +--------+--------+--------+--------+--------+-----+--------+
         Total |   6372 |   6171 |    201 |    433 |   4145 |   7 |  910.3 |
       Dungeon |   6372 |   6171 |    201 |    433 |   4145 |   7 |  910.3 |
               +--------+--------+--------+--------+--------+-----+--------+

Top non-repeatable levels by time:
     D:5: 1204 daAuts
     D:1: 1092 daAuts
     D:6: 1040 daAuts
     D:2: 1040 daAuts
     D:3: 1009 daAuts
     D:4: 920 daAuts
     D:7: 63 daAuts
